Map: Eternal Empire LE

Players

PtitDrogo

  • Race: Protoss Protoss
  • League: Master
  • Spawn Location: 1:00

DRG - Winner!

  • Race: Zerg Zerg
  • Spawn Location: 7:00

Event: Shopify TSL 5

VOD

Have the link to the VOD?

Description

Time

  • Played on: May 23, 2020, 12:07 p.m.
  • Length: 8:40

All games in this series

Show
View Real Time Build Order
Export as new Build Order

PtitDrogo Protoss 

Build Orders: 1 Gate Expand, Oracle Opening, Zealot Archon 

Get SALT Encoding   

  12  0:00  Probe  
  13  0:13  Probe  
  14  0:20  Pylon  
  14  0:25  Probe  
  15  0:38  Probe (Chrono Boost)  
  16  0:43  Gateway  
  16  0:48  Probe (Chrono Boost)  
  16  0:49  Assimilator  
  17  0:53  Probe (Chrono Boost)  
  18  1:05  Probe  
  19  1:17  Probe  
  20  1:27  Nexus  
  20  1:36  Cybernetics Core  
  20  1:38  Probe  
  21  1:45  Assimilator  
  21  1:50  Probe  
  22  1:54  Pylon  
  22  2:03  Probe  
  23  2:10  Adept (Chrono Boost)  
  23  2:15  Probe  
  26  2:19  Stargate  
  26  2:26  Warp Gate  
  26  2:27  Probe  
  27  2:36  Stalker  
  29  2:40  Probe x2 (Chrono Boost)  
  31  2:49  Probe x2 (Chrono Boost)  
  33  2:54  Probe x2 (Chrono Boost)  
  35  3:02  Oracle (Chrono Boost)  
  38  3:06  Probe x2  
  40  3:18  Probe x2, Pylon  
  42  3:29  Gateway  
  42  3:30  Probe x2  
  42  3:34  Oracle (Chrono Boost)  
  47  3:42  Probe  
  47  3:43  Probe  
  47  3:47  Pylon  
  49  3:54  Probe  
  49  3:55  Probe  
  51  4:04  Nexus  
  51  4:05  Pylon  
  51  4:06  Probe  
  51  4:07  Probe  
  53  4:14  Assimilator  
  53  4:15  Robotics Facility, Assimilator  
  53  4:17  Adept  
  53  4:20  Probe  
  53  4:23  Probe  
  57  4:26  Twilight Council  
  57  4:28  Forge  
  57  4:33  Probe  
  57  4:36  Probe  
  59  4:41  Adept x2  
  59  4:46  Probe  
  59  4:48  Probe  
  61  4:56  Protoss Ground Weapons Level 1 (Chrono Boost)  
  61  4:58  Probe (Chrono Boost)  
  62  5:02  Sentry x2  
  62  5:03  Probe (Chrono Boost)  
  67  5:09  Observer  
  67  5:10  Probe (Chrono Boost)  
  67  5:13  Charge  
  70  5:14  Gateway  
  70  5:17  Probe x2 (Chrono Boost)  
  70  5:18  Shield Battery  
  70  5:19  Probe (Chrono Boost)  
  72  5:25  Probe (Chrono Boost)  
  72  5:26  Gateway  
  72  5:27  Gateway  
  72  5:28  Probe (Chrono Boost)  
  74  5:30  Probe (Chrono Boost)  
  74  5:35  Warp Prism  
  76  5:36  Probe (Chrono Boost)  
  76  5:38  Probe (Chrono Boost)  
  76  5:39  Probe (Chrono Boost)  
  76  5:41  Probe (Chrono Boost), Pylon  
  76  5:42  Pylon  
  81  5:47  Zealot x2  
  85  5:53  Assimilator  
  85  5:54  Assimilator  
  85  5:55  Probe x2  
  84  6:02  Probe  
  85  6:05  Templar Archives  
  85  6:07  Probe  
  85  6:11  Gateway x2  
  86  6:14  Gateway  
  86  6:16  Probe  
  87  6:22  Probe  
  87  6:24  Gateway, Zealot x2  
  90  6:26  Gateway  
  90  6:27  Gateway  
  86  6:33  Zealot x3  
  86  6:36  Pylon  
  86  6:38  Pylon  
  92  6:47  High Templar x2  
  94  6:51  Archon  
  96  6:56  Zealot x3  
  96  7:00  Nexus  
  102  7:02  Pylon  
  102  7:08  High Templar  
  102  7:09  High Templar x2, Phoenix (Chrono Boost)  
  102  7:13  Stargate  
  102  7:14  Archon  
  108  7:21  Probe  
  108  7:22  Stargate  
  91  7:23  Probe  
  91  7:29  Photon Cannon x2  
  86  7:31  Phoenix (Chrono Boost)  
  86  7:34  Probe, Pylon  
  86  7:36  Pylon  
  86  7:38  Shield Battery  
  86  7:41  High Templar x2  
  86  7:42  Photon Cannon, Zealot  
  92  7:45  Archon  
  88  7:51  Stalker x2  
  88  7:56  Zealot  
  88  7:57  Zealot  
  87  8:00  Phoenix (Chrono Boost)  
  87  8:03  Stalker  
  88  8:06  Stalker x2  
  88  8:08  Phoenix (Chrono Boost)  
  86  8:14  Stalker x3  
  87  8:25  Stalker x4  
  87  8:26  Probe  
Show
View Real Time Build Order
Export as new Build Order

DRG Zerg - Winner!

Build Orders: Hatch First 

Get SALT Encoding   

  12  0:01  Drone  
  13  0:12  Overlord  
  13  0:17  Drone  
  14  0:31  Drone x2  
  16  0:48  Hatchery  
  15  0:51  Drone  
  15  0:55  Drone  
  17  0:58  Drone  
  18  1:09  Extractor  
  17  1:14  Spawning Pool  
  17  1:17  Drone  
  17  1:20  Drone  
  18  1:28  Drone  
  19  1:38  Drone  
  20  1:49  Drone  
  20  1:51  Hatchery  
  20  2:01  Drone  
  20  2:02  Drone  
  20  2:06  Queen  
  24  2:13  Drone  
  25  2:16  Overlord  
  25  2:24  Queen  
  25  2:27  Drone  
  28  2:31  Metabolic Boost  
  28  2:35  Zergling x2  
  30  2:37  Zergling x2  
  30  2:38  Drone  
  31  2:45  Queen  
  31  2:48  Drone  
  31  2:51  Drone  
  35  2:53  Drone  
  35  2:57  Overlord  
  36  3:04  Queen  
  38  3:06  Drone  
  38  3:07  Drone  
  38  3:10  Drone  
  41  3:15  Drone  
  41  3:19  Drone x2  
  44  3:24  Queen  
  46  3:30  Overlord  
  46  3:33  Drone x4  
  50  3:37  Overlord  
  50  3:43  Overlord  
  50  3:48  Overlord  
  50  3:49  Zergling x6  
  53  3:57  Zergling x8  
  53  4:00  Spore Crawler  
  53  4:01  Drone, Spore Crawler  
  53  4:02  Drone  
  57  4:06  Drone x2  
  57  4:07  Drone  
  57  4:09  Drone  
  61  4:10  Drone  
  61  4:12  Drone  
  61  4:14  Drone  
  61  4:15  Drone  
  65  4:17  Drone  
  65  4:21  Drone x2  
  68  4:25  Lair  
  68  4:26  Extractor  
  67  4:31  Drone x2  
  67  4:32  Drone  
  67  4:38  Zergling x8  
  73  4:40  Drone x2  
  73  4:46  Overlord  
  73  4:51  Extractor x2, Spore Crawler  
  73  4:52  Drone x6  
  74  4:54  Extractor  
  74  4:55  Extractor, Overlord  
  72  5:03  Drone x2  
  72  5:05  Overlord  
  74  5:09  Drone x4  
  78  5:14  Drone  
  78  5:15  Drone x3  
  78  5:17  Drone  
  83  5:23  Drone  
  83  5:26  Overseer  
  83  5:28  Drone x4  
  88  5:29  Spire  
  88  5:30  Overseer  
  87  5:37  Zergling x2  
  87  5:38  Zergling x10  
  93  5:44  Hatchery  
  93  5:46  Overlord  
  93  5:49  Overlord  
  92  5:51  Overlord  
  91  6:00  Overlord x3  
  90  6:17  Overlord  
  90  6:19  Overlord  
  84  6:35  Spine Crawler  
  84  6:36  Spine Crawler  
  84  6:37  Spine Crawler  
  81  6:42  Mutalisk x13  
  81  6:46  Drone  
  81  6:47  Drone x4  
  110  6:53  Unknown  
  111  6:56  Zergling x10  
  111  6:57  Spine Crawler  
  111  6:58  Spine Crawler  
  111  7:00  Zergling x2  
  115  7:02  Mutalisk x2  
  115  7:11  Mutalisk  
  115  7:13  Zergling x2  
  115  7:14  Zergling x8  
  122  7:18  Mutalisk  
  122  7:21  Zergling x8  
  127  7:29  Drone x4  
  129  7:34  Drone x4  
  133  7:41  Mutalisk x3  
  133  7:42  Evolution Chamber  
  138  7:46  Mutalisk  
  138  7:49  Hatchery  
  139  7:53  Zergling x6  
  142  8:05  Mutalisk x5  
  134  8:06  Zergling x2  
  134  8:07  Zergling x4  
  144  8:14  Drone x2  
  144  8:15  Drone x3  
Tags
 
Add a new tag
Caveats
  • Supply blocks, unpowered buildings, or Contaminate may cause inaccurate times.
  • Supply counts are checked every 10 seconds.